 Dungeon Crawl Stone Soup version 0.26.0-45-g9c1d065592 (webtiles) character file.

Game seed: 13969265819351995263

4349 Astera the Cleaver (level 10, 0/88 HPs)
             Began as a Palentonga Fighter on Jan 30, 2021.
             Was a Follower of Wu Jian.
             Slain by a yak (9 damage)
             ... on level 8 of the Dungeon.
             The game lasted 00:29:44 (7669 turns).

Astera the Cleaver (Palentonga Fighter)             Turns: 7669, Time: 00:29:45

Health: 0/88       AC: 20    Str: 23    XL:     10   Next: 12%
Magic:  10/10      EV:  6    Int:  8    God:    Wu Jian [*.....]
Gold:   355        SH: 10    Dex: 10    Spells: 9/9 levels left

rFire    + . .     SeeInvis +   u - +1 war axe (freeze)
rCold    . . .     Faith    .   c - +0 kite shield
rNeg     . . .     Spirit   .   a - +2 chain mail {rC+}
rPois    .         Reflect  .   (no helmet)
rElec    .         Harm     .   l - +1 cloak {Stlth+}
rCorr    .         Rampage  .   (no gloves)
Will     .....                  (no barding)
Stlth    ..........             i - amulet of regeneration
HPRegen  0.64/turn              m - ring of fire
MPRegen  0.12/turn              (no ring)

@: curled up
A: large, rugged brown scales 3, see invisible, deformed body, roll 1, armoured
tail, reflexive curl
a: Rolling Charge, Renounce Religion


You were on level 8 of the Dungeon.
You worshipped Wu Jian.
Wu Jian was aware of your devotion.
You visited 2 branches of the dungeon, and saw 9 of its levels.
You also visited: Sewer.

You collected 355 gold pieces.

Inventory:

Hand Weapons
 b - the +5 hunting sling of Fear {venom, +Blink +Inv rN++ Will-}
   (You found it on level 5 of the Dungeon)

   It poisons the ammo it fires.
   It greatly protects you from negative energy.
   It affects your willpower, your defense against some magical effects.
   It lets you turn invisible.
   It lets you blink.
 u - a +1 war axe of freezing (weapon)
 B - a +3 flail
Missiles
 n - 40 sling bullets
Armour
 a - a +2 chain mail of cold resistance (worn)
 c - a +0 kite shield (worn)
 l - a +1 cloak of stealth (worn)
Jewellery
 i - an amulet of regeneration (around neck)
 m - a ring of fire (left hand)
Wands
 p - a wand of acid (5)
 H - a wand of paralysis (14)
 I - a wand of polymorph (10)
Scrolls
 e - 3 scrolls of teleportation {unknown}
 f - 2 scrolls of fog {unknown}
 g - 6 scrolls of remove curse
 k - 3 scrolls of enchant weapon {unknown}
 t - 4 scrolls of magic mapping {unknown}
 v - a scroll of noise {unknown}
 w - 6 scrolls of identify {unknown}
 y - 2 scrolls of immolation {unknown}
 z - 4 scrolls of fear {unknown}
 C - 2 scrolls of enchant armour {unknown}
 E - a scroll of blinking {unknown}
 J - a scroll of amnesia {unknown}
 L - a scroll of random uselessness {unknown}
Potions
 d - 4 potions of might
 h - 4 potions of lignification {unknown}
 j - 5 potions of heal wounds {unknown}
 o - 3 potions of flight {unknown}
 q - 3 potions of curing
 r - a potion of magic {unknown}
 s - 2 potions of brilliance {unknown}
 x - 3 potions of ambrosia {unknown}
 A - a potion of haste {unknown}
 D - 2 potions of attraction {unknown}
 F - a potion of invisibility {unknown}
 G - 2 potions of degeneration {unknown}
 K - a potion of cancellation {unknown}


   Skills:
 + Level 6.2 Fighting
 + Level 9.1(9.3) Axes
 + Level 2.9(6.4) Maces & Flails
 + Level 1.2 Slings
 + Level 5.6 Armour
 + Level 3.0 Dodging
 - Level 1.0 Stealth
 + Level 5.8 Shields


You had 9 spell levels left.
You didn't know any spells.
Your spell library contained the following spells:

 Spells                   Type           Power        Failure   Level
 Summon Small Mammal      Summ           0%           99%         1
 Call Imp                 Summ           0%           100%        2
 Call Canine Familiar     Summ           0%           100%        3
 Summon Guardian Golem    Hex/Summ       0%           100%        3
 Summon Ice Beast         Ice/Summ       0%           100%        4
 Summon Lightning Spire   Summ/Air       0%           100%        4


Dungeon Overview and Level Annotations

Branches:
Dungeon (8/15)             Temple (1/1) D:6           Sewer (visited)
   Lair: D:8-11

Altars:
Ashenzari
Cheibriados
Dithmenos
Elyvilon
Fedhas
Gozag
Hepliaklqana
Kikubaaqudgha
Makhleb
Nemelex Xobeh
Okawaru
Qazlal
Sif Muna
Trog
Uskayaw
Vehumet
Wu Jian
Xom
Yredelemnul
Zin
The Shining One


Innate Abilities, Weirdness & Mutations

You are completely covered in rugged brown scales. (AC +3, +7% HP)
You have supernaturally acute eyesight. (SInv)
Armour fits poorly on your strangely shaped body.
You can roll at nearby foes to attack.
You have a long armoured tail.
You curl defensively after being hit.


Message History

The yak is severely wounded.
The yak gores you.
* * * LOW HITPOINT WARNING * * *
You completely miss the yak.
The yak is severely wounded.
A black bear comes into view.
You block the yak's attack.
You barely miss the yak.
The yak is severely wounded.
The yak gores you.
* * * LOW HITPOINT WARNING * * *
You closely miss the yak.
Your tail-slap misses the yak.
The yak is severely wounded.
The yak gores you!
* * * LOW HITPOINT WARNING * * *
You barely miss the yak.
You tail-slap the yak, but do no damage.
The yak is severely wounded.
The yak gores you!
You die...

..... ..... #... .. ##[>#
... #.h. ##.. P
....##..##..... ..
.......o....... ...
.....#.Y####### ..
........@..########.#####
##.#.#..##.#.........y...
#....##.#.###.######.#
#.#........)...[......
.........#.###.###.##.#
###.##.####.# #.# #.##.#
## ### #.# #.# #.##.# #.#
#.# #.##.# #.# #.# #.##.#


You could see a yak, an orc warrior and a black bear.

Vanquished Creatures
  An ugly thing (D:5)
  Grinder (D:6)
  4 water moccasins
  Purgy (Sewer)
  2 orc warriors (D:7)
  An ice beast (D:5)
  A hornet zombie (D:7)
  2 sky beasts (D:5)
  A black bear (D:7)
  2 phantoms (D:5)
  2 ogres
  Blork the orc (D:5)
  2 bullfrogs
  6 scorpions
  4 killer bees (D:8)
  5 wights (D:7)
  3 howler monkeys
  3 jellies
  An orc priest (D:7)
  2 centaur skeletons
  2 hounds
  A gnoll shaman (D:7)
  Terence (D:3)
  10 orc wizards
  2 bullfrog skeletons (D:5)
  2 iguanas
  Ijyb (D:5)
  Natasha (thrice) (D:3)
  2 worker ants (D:6)
  A hound zombie (D:7)
  A hound skeleton (D:4)
  4 gnolls (D:7)
  16 adders
  A shadow imp (D:8)
  3 ufetubi
  2 adder skeletons
  5 worms
  3 dart slugs
  6 leopard geckos
  28 orcs
  10 bats
  8 giant cockroaches
  6 hobgoblins
  17 jackals
  14 kobolds
  4 quokkas
  2 ball pythons (D:2)
  5 frilled lizards
  13 goblins
  A leopard gecko skeleton (D:4)
  2 quokka skeletons
  8 rats
229 creatures vanquished.

Vanquished Creatures (others)
  35 fungi (D:8)
  33 plants
  5 toadstools (D:1)
73 creatures vanquished.

Grand Total: 302 creatures vanquished

Notes
Turn   | Place    | Note
-------+----------+-------------------------------------------
     0 | D:1      | Astera the Palentonga Fighter began the quest for the Orb.
     0 | D:1      | Reached XP level 1. HP: 20/20 MP: 1/1
    73 | D:1      | Reached XP level 2. HP: 24/27 MP: 2/2
   468 | D:1      | Reached XP level 3. HP: 33/33 MP: 3/3
  1331 | D:2      | Reached XP level 4. HP: 40/40 MP: 4/4
  2015 | D:3      | Noticed Terence
  2027 | D:3      | Killed Terence
  2028 | D:3      | Reached XP level 5. HP: 42/48 MP: 5/5
  2052 | D:3      | Found a hide-covered altar of Uskayaw.
  2231 | D:3      | Reached skill level 1 in Axes
  2269 | D:3      | Reached skill level 1 in Dodging
  2308 | D:3      | Noticed Natasha
  2312 | D:3      | Killed Natasha
  2313 | D:3      | Reached skill level 2 in Axes
  2402 | D:3      | Reached XP level 6. HP: 49/54 MP: 6/6
  2548 | D:3      | Noticed Natasha
  2551 | D:3      | Killed Natasha
  2661 | D:3      | Noticed Natasha
  2667 | D:3      | Killed Natasha
  2816 | D:4      | Found a shadowy altar of Dithmenos.
  2961 | D:4      | Found an iron altar of Okawaru.
  3027 | D:4      | Reached skill level 3 in Axes
  3027 | D:4      | Gained mutation: You curl defensively after being hit.
                  | [Palentonga growth]
  3027 | D:4      | Reached XP level 7. HP: 62/62 MP: 7/7
  3265 | D:4      | Found a shadowy altar of Dithmenos.
  3633 | D:5      | Entered Level 5 of the Dungeon
  3633 | D:5      | Noticed Blork the orc
  3639 | D:5      | Killed Blork the orc
  3640 | D:5      | Reached skill level 4 in Axes
  3652 | D:5      | Found a hazy altar of Hepliaklqana.
  3686 | D:5      | Noticed Ijyb
  3688 | D:5      | Paralysed by Ijyb for 2 turns
  3692 | D:5      | Paralysed by Ijyb for 7 turns
  3700 | D:5      | Killed Ijyb
  3867 | D:5      | Got a fading hunting sling
  3868 | D:5      | Identified the +5 hunting sling of Fear {venom, +Blink +Inv
                  | rN++ Will-} (You found it on level 5 of the Dungeon)
  4107 | D:5      | Reached XP level 8. HP: 71/71 MP: 8/8
  4165 | D:5      | Reached skill level 5 in Axes
  4250 | D:5      | Reached skill level 1 in Slings
  4344 | D:5      | Found a glowing drain.
  4356 | Sewer    | Entered a sewer
  4362 | Sewer    | Noticed Purgy
  4370 | Sewer    | Killed Purgy
  4607 | D:5      | Found a glowing golden altar of the Shining One.
  4617 | D:5      | Reached skill level 5 in Fighting
  4617 | D:5      | Reached skill level 6 in Axes
  4617 | D:5      | Reached skill level 1 in Stealth
  5122 | D:6      | Found a blossoming altar of Fedhas.
  5130 | D:6      | Reached XP level 9. HP: 78/79 MP: 9/9
  5252 | D:6      | Found a staircase to the Ecumenical Temple.
  5273 | Temple   | Entered the Ecumenical Temple
  5327 | Temple   | Became a worshipper of the Wu Jian Council
  5603 | D:6      | Noticed Grinder
  5613 | D:6      | Killed Grinder
  5614 | D:6      | Reached skill level 7 in Axes
  5614 | D:6      | Reached skill level 5 in Shields
  5678 | D:6      | Found a basalt altar of Yredelemnul.
  6010 | D:6      | Found a white marble altar of Elyvilon.
  6296 | D:7      | Noticed a green ugly thing
  6319 | D:5      | Reached skill level 5 in Armour
  6322 | D:5      | Killed a green ugly thing
  6701 | D:7      | Reached skill level 8 in Axes
  6909 | D:7      | Reached * piety under Wu Jian
  7250 | D:7      | Found an ancient bone altar of Kikubaaqudgha.
  7396 | D:8      | Reached XP level 10. HP: 88/88 MP: 10/10
  7452 | D:8      | Reached skill level 9 in Axes
  7669 | D:8      | Slain by a yak

Illustrated notes

Levels and vault maps discovered:
D:1:      ldierk_walled_garden, layout_loops_ring
D:2:      layout_basic
D:3:      layout_basic, overflow_temple_1_default, st_stairs_4, uniq_natasha,
          uniq_terence
D:4:      layout_basic, okawaru_altar_gauntlet_db,
          nicolae_dithmenos_shadow_blocks, serial_forest,
          infiniplex_forest_straight_2, infiniplex_forest_corner_1,
          infiniplex_forest_straight_3, infiniplex_forest_side_room,
          infiniplex_forest_clump_large, kennysheep_flooded_box,
          guppyfry_early_lair_pool
D:5:      cheibrodos_barr_body, layout_basic, nzn_hepliaklqana_mist_gate,
          overflow_temple_1_default, enter_ossuary_2, portal_sewer_entry_d,
          chequers_serial_rivers_small_a, uniq_blork_the_orc, uniq_ijyb
D:6:      layout_loops_corners, kennysheep_ying_yang, fedhas_altar_fruit_tree,
          minmay_temple_entry_wispy, uniq_grinder
D:7:      layout_cave_pools, lemuel_coloured_pillars_altar
D:8:      layout_basic, due_lair_maze_entry_diamond, basic_altar, sigmund_army
Temple:   minmay_temple_bridge_abc

Skill      XL: |  1  2  3  4  5  6  7  8  9 10 |
---------------+-------------------------------+-----
Shields        | 3 4 5 |  5.8
Armour         | 3 4 5 |  5.6
Axes           | 2 3 4 6 8 9 |  9.1
Dodging        | 1 2 3 |  3.0
Fighting       | 4 5 6 |  6.2
Slings         | 1 |  1.2
Stealth        | 1 |  1.0
Maces & Flails | |  2.9

Action                   |  1- 3 |  4- 6 |  7- 9 | 10-12 || total
-------------------------+-------+-------+-------+-------++-------
Melee: Flail             |   106 |       |       |       ||   106
       Tailslap          |    12 |    11 |    46 |     6 ||    75
       Hand axe          |    50 |    42 |       |       ||    92
       War axe           |       |   169 |   421 |    52 ||   642
 Fire: Hunting sling     |       |       |    17 |       ||    17
Invok: Lunge             |       |       |    12 |     3 ||    15
       Whirlwind         |       |       |       |     4 ||     4
 Abil: Rolling Charge    |     8 |     2 |     6 |       ||    16
  Use: Scroll            |       |     1 |     2 |       ||     3
Armor: Scale mail        |    82 |   124 |    29 |       ||   235
       Chain mail        |       |       |   164 |    22 ||   186
Dodge: Dodged            |    52 |    50 |   103 |    19 ||   224
Block: Kite shield       |    82 |   110 |   209 |    38 ||   439
